 Dungeon Crawl Stone Soup version 0.29.0-4-gdea44cf6ec (webtiles) character file.

Game seed: 11780647860667216051

48 qw the Chopper (level 3, 0/29 HPs)
             Began as a Barachi Chaos Knight on Sept 7, 2022.
             Slain by Grinder (7 damage)
             ... on level 3 of the Dungeon.
             The game lasted 00:01:01 (2078 turns).

qw the Chopper (Barachi Chaos Knight)               Turns: 2078, Time: 00:01:01

Health: 0/29       AC:  6    Str: 15    XL:     3   Next: 72%
Magic:  3/3        EV: 11    Int: 12    God:
Gold:   108        SH:  0    Dex: 11    Spells: 2/2 levels left

rFire   + . .      SeeInvis .   Y - +0 hand axe (venom)
rCold   . . .      Faith    .   (no shield)
rNeg    . . .      Spirit   .   d - +2 leather armour {rF+}
rPois   .          Reflect  .   (no helmet)
rElec   .          Harm     .   (no cloak)
rCorr   .          Rampage  .   l - +0 pair of gloves
Will    .....                   (no boots)
Stlth   +.........              (no amulet)
HPRegen 0.09/turn               (no ring)
MPRegen 0.08/turn               (no ring)

@: slow
A: amphibious, slowness 1, strong legs 1, +LOS
a: Hop


You were on level 3 of the Dungeon.
You visited 1 branch of the dungeon, and saw 3 of its levels.

You collected 108 gold pieces.


Innate Abilities, Weirdness & Mutations

You are amphibious.
You cover ground slowly.
You can hop short distances.
You have an extended range of vision and can be seen from far away.


   Skills:
 - Level 3.6 Fighting
 + Level 5.0 Axes
 - Level 2.4 Armour
 - Level 1.1 Dodging


You had 2 spell levels left.
You didn't know any spells.
Your spell library was empty.

Inventory:

Hand Weapons
 n - a +0 flail
 Y - a +0 hand axe of venom (weapon)
Armour
 d - a +2 leather armour of fire resistance (worn)
 f - a +0 helmet
 j - a +0 ring mail
 l - a +0 pair of gloves (worn)
Scrolls
 a - 2 scrolls of identify
 b - a scroll of enchant armour {unknown}
Potions
 h - a potion of berserk rage {unknown}
 k - 2 potions of curing
Miscellaneous
 c - a piece from Xom's chessboard (15/15)

Dungeon Overview and Level Annotations

Branches:
Dungeon (3/15)

Altars:

Shops:
D:1 ?

Annotations:
D:3 Grinder


Message History

You barely miss Grinder.
Grinder is lightly wounded.
Grinder hits you.
2066 ||| DRINKING potion of heal wounds.
You feel much better. Grinder gestures at you.
You barely resist. You hit Grinder but do no damage.
Grinder is poisoned.
Grinder is lightly wounded.
Grinder blinks!
You start resting.
Grinder is nearby!
2069 ||| Stepping ~*~*~tactically~*~*~ (hiding).
You start resting.
Grinder is nearby!
Grinder hits you.
You hit Grinder.
Grinder is lightly wounded.
Grinder says, "FISH!"
Grinder blinks! x2
You hit Grinder.
Grinder is moderately wounded.
Grinder gestures at you.
You barely resist. You hit Grinder but do no damage.
Grinder looks even sicker.
Grinder is moderately wounded.
Grinder hits you.
You writhe in agony.
You hit Grinder.
Grinder is heavily wounded.
Grinder hits you.
You writhe in agony.
You closely miss Grinder.
Grinder is severely wounded.
Grinder barely misses you.
You closely miss Grinder.
Grinder is severely wounded.
Grinder hits you.
You writhe in agony.
You hit Grinder but do no damage.
Grinder is severely wounded.
Grinder hits you!
You die...

..........'.>........
..........##....####.
#########.##.!.##
#......#.#
#####.#.####...
#............>.#
#.###.#.######### #.#
#...........# #.#
#...###@.##.# #.#
#....##5.# #.#
##.####.......$# #.#
#.# #.######## #.#
#.# #.# #.# #.# #.#
#.# #.# #.# #.####.#
!.. #......# ###


You could see Grinder (very poisoned).

Vanquished Creatures
  2 worms
  A dart slug (D:1)
  6 ball pythons
  5 endoplasms
  2 giant cockroaches
  5 goblins
  2 hobgoblins (D:1)
  3 quokkas
  3 bats (D:1)
  2 frilled lizards
  3 kobolds
  2 rats
36 creatures vanquished.

Notes
Turn   | Place    | Note
-------+----------+-------------------------------------------
     0 | D:1      | qw the Barachi Chaos Knight began the quest for the Orb.
     0 | D:1      | Reached XP level 1. HP: 18/18 MP: 1/1
     0 | D:1      | 0 ||| qw: Version: 0.1-a-108-g9e35731
     0 | D:1      | 0 ||| qw: Game counter: 6452
     0 | D:1      | 0 ||| qw: Always use a shield: true
     0 | D:1      | 0 ||| qw: God list: Okawaru
     0 | D:1      | 0 ||| qw: Allow faded altars: false
     0 | D:1      | 0 ||| qw: Do Orc after D:15 true
     0 | D:1      | 0 ||| qw: Do second Lair branch before Depths: true
     0 | D:1      | 0 ||| qw: Lair rune preference: random
     0 | D:1      | 0 ||| qw: Plans: Normal
     0 | D:1      | 0 ||| PLANNING D:1-11
     0 | D:1      | Fell from the grace of Xom
   154 | D:1      | XOM: draining
   162 | D:1      | Found Lihuwun's Magic Scroll Shop.
   172 | D:1      | 172 ||| SHOPLISTING scroll of enchant armour (97 gold, have
                  | 0).
   172 | D:1      | 172 ||| SHOPLISTING scroll of identify (26 gold, have 0).
   172 | D:1      | 172 ||| SHOPLISTING scroll of teleportation (39 gold, have
                  | 0).
   195 | D:1      | Reached XP level 2. HP: 17/21 MP: 2/2
   377 | D:1      | Found a faded altar of an unknown god.
   387 | D:1      | Reached skill level 4 in Axes
   417 | D:1      | 417 ||| DROPPING +0 club.
   600 | D:1      | XOM: summons 1 hostile demon
   860 | D:1      | 860 ||| UPGRADING to +0 ring mail.
   870 | D:1      | 870 ||| DROPPING +2 leather armour.
   871 | D:1      | 871 ||| UPGRADING to +0 pair of gloves.
   876 | D:1      | 876 ||| READING 3 scrolls labelled ILANACV VUAPT.
   877 | D:1      | 877 ||| READING scroll labelled KAOGOI MAJEVU.
   878 | D:1      | 878 ||| DROPPING +0 whip of electrocution.
   879 | D:1      | 879 ||| READING scroll labelled BIFAIB PUORU.
   880 | D:1      | 880 ||| READING scroll labelled SUGRIAMOMM.
   881 | D:1      | 881 ||| DRINKING 2 white potions.
   882 | D:1      | 882 ||| READING 2 scrolls of identify.
   882 | D:1      | 882 ||| IDENTIFYING fizzy amethyst potion
   933 | D:2      | 933 ||| STAIRDANCE
   997 | D:2      | Reached XP level 3. HP: 8/28 MP: 3/3
  1001 | D:2      | 1001 ||| FLEEEEING.
  1002 | D:2      | 1002 ||| FLEEEEING.
  1003 | D:2      | 1003 ||| FLEEEEING.
  1004 | D:2      | 1004 ||| STAIRDANCE
  1270 | D:2      | 1270 ||| Stepping ~*~*~tactically~*~*~ (stealth).
  1271 | D:2      | 1271 ||| Stepping ~*~*~tactically~*~*~ (stealth).
  1273 | D:2      | 1273 ||| Stepping ~*~*~tactically~*~*~ (stealth).
  1406 | D:2      | 1406 ||| READING scroll of brand weapon.
  1406 | D:2      | 1406 ||| BRANDING +0 hand axe of flaming.
  1621 | D:2      | 1621 ||| DROPPING +0 club.
  1805 | D:2      | 1805 ||| UPGRADING to +2 leather armour of fire resistance.
  1815 | D:2      | 1815 ||| READING scroll labelled QYTEWNOENIS.
  1816 | D:2      | 1816 ||| READING scroll labelled VOUGHE TUUVE.
  1817 | D:2      | 1817 ||| READING 3 scrolls of identify.
  1817 | D:2      | 1817 ||| IDENTIFYING bubbling yellow potion
  1818 | D:2      | 1818 ||| READING 2 scrolls of identify.
  1818 | D:2      | 1818 ||| IDENTIFYING sedimented orange potion
  1819 | D:2      | 1819 ||| DROPPING potion of invisibility.
  1820 | D:2      | 1820 ||| DROPPING potion of brilliance.
  1910 | D:3      | Reached skill level 5 in Axes
  2059 | D:3      | Noticed Grinder
  2065 | D:3      | HP: 5/29 [Grinder (6)]
  2066 | D:3      | 2066 ||| DRINKING potion of heal wounds.
  2069 | D:3      | 2069 ||| Stepping ~*~*~tactically~*~*~ (hiding).
  2077 | D:3      | HP: 7/29 [Grinder (1)]
  2078 | D:3      | Slain by Grinder

Levels and vault maps discovered:
D:1:      nzn_arrival_settlement, layout_rooms, ebering_ecumenical_altar_mist,
          serial_shops, shop
D:2:      layout_rooms, minmay_misc_feat_hallway, grunt_decor_arrowhead
D:3:      layout_basic, nicolae_elyvilon_peaceful_grove, kennysheep_minor_cross,
          minivault_25, uniq_sigmund, uniq_grinder

Skill      XL: |  1  2  3 |
---------------+----------+-----
Axes           | 4 5 |  5.0
Fighting       | |  3.6
Armour         | |  2.4
Dodging        | |  1.1

Action                   || total
-------------------------++-------
Melee: Hand axe          ||   127
       Punch             ||     1
Invok: Renounce Religion ||     1
  Use: Scroll            ||    10
       Potion            ||     2
Armor: Leather armour    ||    63
       Ring mail         ||    16
Dodge: Dodged            ||    56

Table legend:
 A = Non-vault XP
 B = Vault XP
 C = Vault XP percentage of total XP
 D = Non-vault monster count
 E = Vault monster count
 F = Vault count percentage of total count
                 A         B        C        D         E       F
            +---------+---------+-------+---------+---------+-------
      Total |      69 |       0 |   0.0 |      36 |       0 |   0.0
            +---------+---------+-------+---------+---------+-------
        D:1 |      29 |       0 |   0.0 |      16 |       0 |   0.0
        D:2 |      27 |       0 |   0.0 |      15 |       0 |   0.0
        D:3 |      13 |       0 |   0.0 |       5 |       0 |   0.0
            +---------+---------+-------+---------+---------+-------
